 Dungeon Crawl Stone Soup version 0.24.0-123-gd5b16e6ec5 (webtiles) character file.

Game seed: 7145842263513475744, levelgen mode: deterministic

33429 Johnny the Arsonist (level 13, -5/86 HPs)
             Began as a Demigod Fire Elementalist on Jan 21, 2020.
             Slain by an ice devil (6 damage)
             ... summoned by an orc high priest
             ... while paralysed by an orc sorcerer
             ... on level 2 of the Orcish Mines.
             The game lasted 00:35:37 (17190 turns).

Johnny the Arsonist (Demigod Fire Elementalist)    Turns: 17190, Time: 00:35:38

Health: -5/86      AC: 11    Str: 11    XL:     13   Next: 8%
Magic:  6/32       EV:  2    Int: 27    God:
Gold:   962        SH:  0    Dex: 12    Spells: 12/33 levels left

rFire    + + +     SeeInvis .   y - +2 long sword of Upobb {protect, rF++ rC+ rN+ Dex-4}
rCold    + . .     Gourm    .   (no shield)
rNeg     + . .     Faith    .   P - +1 troll leather armour
rPois    .         Spirit   .   O - +0 helmet
rElec    .         Reflect  .   a - +1 cloak
rCorr    .         Harm     .   j - +0 pair of gloves
MR       +....                  M - +1 pair of boots {Fly}
Stlth    ++........             K - amulet of regeneration
HPRegen  1.04/turn              m - ring of fire
MPRegen  0.23/turn              v - ring of protection from cold

@: paralysed, very slightly contaminated
A: high mp 1
a: Evoke Flight


You were on level 2 of the Orcish Mines.
You were very hungry.

You visited 2 branches of the dungeon, and saw 15 of its levels.

You collected 1659 gold pieces.
You spent 697 gold pieces at shops.

Inventory:

Hand Weapons
 y - the +2 long sword of Upobb (weapon) {protect, rF++ rC+ rN+ Dex-4}
   (You found it on level 9 of the Dungeon)

   It grants its wielder temporary protection when it strikes (+7 to AC).
   It affects your dexterity (-4).
   It greatly protects you from fire.
   It protects you from cold.
   It protects you from negative energy.
Armour
 a - a +1 cloak (worn)
 j - a +0 pair of gloves (worn)
 M - a +1 pair of boots of flying (worn)
 O - a +0 helmet (worn)
 P - a +1 troll leather armour (worn)
 Q - a +3 leather armour of magic resistance
Jewellery
 m - a ring of fire (left hand)
 v - a ring of protection from cold (right hand)
 A - a +3 ring of evasion
 K - an amulet of regeneration (around neck)
 T - an uncursed ring of protection from magic
Wands
 w - a wand of random effects (32)
 D - a wand of enslavement (1)
 N - a wand of flame (33)
Scrolls
 e - a scroll of vulnerability
 f - 9 scrolls of teleportation
 g - 6 scrolls of amnesia
 h - 4 scrolls of fog
 n - 8 scrolls of remove curse
 o - 3 scrolls of fear
 p - a scroll of enchant armour
 B - a scroll of enchant weapon
 C - a scroll of noise
 F - 2 scrolls of immolation
 G - 9 scrolls of magic mapping
 H - 2 scrolls of torment
 J - 4 scrolls of blinking
Potions
 b - 3 potions of lignification
 d - a potion of berserk rage {unknown}
 i - a potion of brilliance {unknown}
 k - 4 potions of agility
 l - a potion of heal wounds {unknown}
 q - 2 potions of ambrosia
 s - 2 potions of flight
 t - a potion of magic {unknown}
 u - 6 potions of curing
 z - 2 potions of cancellation {unknown}
 E - 2 potions of invisibility {unknown}
 I - 2 potions of degeneration
 L - 3 potions of mutation
 R - a potion of might {unknown}
Miscellaneous
 r - a lightning rod (2/4)
Comestibles
 c - 30 rations


   Skills:
 + Level 8.4 Dodging
 - Level 1.7 Stealth
 * Level 10.6 Spellcasting
 * Level 11.3 Conjurations
 * Level 11.6 Fire Magic


You had 12 spell levels left.
You knew the following spells:

 Your Spells              Type           Power        Failure   Level  Hunger
a - Flame Tongue          Conj/Fire      #####        1%          1    None
b - Conjure Flame         Conj/Fire      #######.     1%          3    None
c - Sticky Flame          Conj/Fire      #######.     1%          4    None
d - Blink                 Tloc           N/A          8%          2    None
e - Fireball              Conj/Fire      #######...   1%          5    ###....
f - Bolt of Fire          Conj/Fire      #######...   7%          6    #####..

Your spell library contained the following spells:

 Spells                   Type           Power        Failure   Level  Hunger
 Magic Dart               Conj           ####         1%          1    None
 Throw Flame              Conj/Fire      ######       1%          2    None
 Throw Frost              Conj/Ice       #####.       1%          2    None
 Dazzling Spray           Conj/Hex       #####.       1%          3    None
 Inner Flame              Hex/Fire       ######..     1%          3    None
 Mephitic Cloud           Conj/Pois/Air  ####....     3%          3    None
 Throw Icicle             Conj/Ice       #####...     4%          4    None
 Corona                   Hex            ##.....      5%          1    None
 Freeze                   Ice            ##..         5%          1    None
 Call Imp                 Summ           ##......     8%          2    None
 Ensorcelled Hibernation  Hex/Ice        ##....       8%          2    None
 Slow                     Hex            ##......     8%          2    None
 Confuse                  Hex            ##......     16%         3    None
 Ozocubu's Armour         Chrm/Ice       ##......     16%         3    None
 Tukima's Dance           Hex            ##......     16%         3    None
 Cause Fear               Hex            ##........   45%         4    None
 Summon Ice Beast         Ice/Summ       ##......     45%         4    None
 Dragon Form              Tmut           ##........   100%        7    ######.
 Dragon's Call            Summ           ##........   100%        9    #######


Dungeon Overview and Level Annotations

Branches:
Dungeon (13/15)            Temple (0/1) D:5            Lair (0/6) D:9
    Orc (2/2) D:10            Elf (0/3) Orc:2
 Vaults: D:13-14

Shops:
D:11 ?   D:12 ((   D:13 **


Innate Abilities, Weirdness & Mutations

You have an increased reservoir of magic. (+10% MP)


Message History

Your orc priest closely misses the orc high priest.
The ice devil hits you.
* * * LOW HITPOINT WARNING * * *
The ice devil freezes you! You resist.
* * * LOW HITPOINT WARNING * * *
The orc high priest hits your orc with a +0 trident!
Your orc dies!
Your orc's corpse dissolves into shadows!
The orc knight roars a battlecry!
The orc knight goes into a battle-frenzy!
Your orc barely misses the orc high priest.
The ufetubus closely misses your orc.
The ufetubus hits your orc but does no damage.
Your orc warrior hits the orc high priest with a +0 battleaxe!
Your orc warrior hits the orc warrior from afar with a +0 halberd!!
The orc warrior dies!
The ice devil hits you.
* * * LOW HITPOINT WARNING * * *
The ice devil freezes you. You resist.
You die...

###....# ## .....## ###.
##.....### #...
####........## #...
#.^.ooo......####... #
##.ooo55....##......
##.##.o3o5.............
#.....4o.o............#
##....@o{ooo...........
#........###o.o.o)......
........####...........#
.........##.....[[......
#.......o.>......)......
##......................
#...............##.o....
##.#.............#.##...
........######.#o.


You could see 2 orc knights, 2 orc high priests, an ice devil, a ynoxinul, an
orc sorcerer, an orc warrior, an orc priest, an orc wizard, 3 orcs, 3 ufetubi, 2
friendly orc warriors, a friendly orc priest and 3 friendly orcs.

Vanquished Creatures
  Jorgrun (Orc:1)
  A minotaur (D:12)
  The ghost of Johnny the Arsonist, a journeyman DgFE (D:12)
  Fannar (D:11)
  2 centaur warriors (D:13)
  2 two-headed ogres
  2 tengu warriors (D:13)
  An orc high priest (Orc:2)
  An unseen horror (D:12)
  An orc knight (Orc:2)
  An orc sorcerer (Orc:1)
  3 manticores
  3 ugly things
  Maurice (D:12)
  A kobold demonologist (D:13)
  A komodo dragon (D:9)
  3 hornets (D:8)
  6 trolls
  2 hippogriffs
  9 slime creatures
  A shadow (D:13)
  A wyvern (D:9)
  31 yaks
  Grum (D:11)
  4 hungry ghosts
  3 wargs
  2 water moccasins
  2 soldier ants
  Duvessa (D:7)
  A black bear (D:12)
  16 orc warriors
  6 ice beasts
  2 phantoms
  A sky beast (D:7)
  3 wolves
  2 eyes of draining
  8 centaurs
  13 ogres
  3 bullfrogs
  4 big kobolds
  A wyvern zombie (D:8)
  Dowan (D:7)
  3 scorpions
  7 killer bees
  14 wights
  A howler monkey (D:7)
  A quasit (D:11)
  8 crimson imps
  5 hounds
  A bullfrog zombie (D:8)
  4 jellies
  4 bullfrog skeletons
  18 orc priests
  23 orc wizards
  6 iguanas
  4 centaur skeletons
  6 worker ants
  A killer bee zombie (D:6)
  7 adders
  A howler monkey skeleton (D:10)
  A shadow imp (D:12)
  An ooze (D:1)
  2 adder skeletons
  3 worms
  A dart slug (D:4)
  5 leopard geckos
  75 orcs
  3 ball pythons
  2 giant cockroaches
  4 goblins
  6 hobgoblins
  22 kobolds
  5 quokkas
  3 bats
  3 frilled lizards
  A goblin skeleton (D:6)
  A goblin zombie (D:6)
  2 kobold skeletons (D:6)
  2 leopard gecko skeletons (D:7)
  2 orc zombies (D:6)
  A quokka zombie (D:8)
  7 rats
416 creatures vanquished.

Vanquished Creatures (collateral kills)
  A hornet (D:10)
  A manticore (D:12)
  An orc warrior (Orc:2)
  A gnoll sergeant (D:12)
  An iguana (D:10)
  A worker ant (D:10)
  A killer bee zombie (D:10)
  An adder (D:10)
  A quokka (D:10)
9 creatures vanquished.

Vanquished Creatures (others)
  An ugly thing (D:10)
  A yak (D:10)
  An orc wizard (D:10)
  2 plants (D:9)
5 creatures vanquished.

Grand Total: 430 creatures vanquished

Notes
Turn   | Place    | Note
-------+----------+-------------------------------------------
     0 | D:1      | Johnny the Demigod Fire Elementalist began the quest for
                  | the Orb.
     0 | D:1      | Reached XP level 1. HP: 14/14 MP: 5/5
   107 | D:1      | Reached skill level 1 in Conjurations
   276 | D:1      | Reached XP level 2. HP: 9/20 MP: 5/7
  1593 | D:2      | Reached XP level 3. HP: 22/26 MP: 3/8
  1993 | D:3      | Reached XP level 4. HP: 33/33 MP: 7/10
  2606 | D:4      | Noticed an ogre
  2615 | D:4      | Killed an ogre
  2615 | D:4      | Reached XP level 5. HP: 15/38 MP: 5/12
  2940 | D:4      | Noticed an ogre
  2945 | D:4      | Killed an ogre
  2945 | D:4      | Reached XP level 6. HP: 45/45 MP: 8/14
  3428 | D:5      | Entered Level 5 of the Dungeon
  3501 | D:5      | Learned a level 3 spell: Conjure Flame
  3506 | D:5      | Learned a level 4 spell: Sticky Flame
  4111 | D:5      | Reached XP level 7. HP: 36/50 MP: 10/16
  4186 | D:5      | Found a staircase to the Ecumenical Temple.
  4720 | D:6      | Found a glowing golden altar of the Shining One.
  4753 | D:6      | Reached skill level 5 in Fire Magic
  5181 | D:6      | Reached XP level 8. HP: 36/57 MP: 0/18
  5597 | D:6      | Found an iron altar of Okawaru.
  5816 | D:7      | Reached skill level 5 in Conjurations
  5830 | D:7      | Reached skill level 5 in Spellcasting
  5980 | D:7      | Learned a level 5 spell: Fireball
  6738 | D:7      | Noticed Duvessa
  6746 | D:7      | Noticed Dowan
  6750 | D:7      | Killed Duvessa
  6757 | D:7      | Killed Dowan
  6832 | D:7      | Reached XP level 9. HP: 62/62 MP: 10/21
  7407 | D:8      | Paralysed by a hornet for 2 turns
  7412 | D:8      | Paralysed by a hornet for 1 turns
  7419 | D:8      | Paralysed by a hornet for 2 turns
  7421 | D:8      | Reached skill level 5 in Dodging
  7686 | D:8      | Noticed a two-headed ogre
  7693 | D:8      | Killed a two-headed ogre
  8118 | D:8      | Found a shattered altar of Ashenzari.
  8468 | D:9      | Reached XP level 10. HP: 67/69 MP: 13/24
  8809 | D:9      | Found a staircase to the Lair.
  8884 | D:9      | Got an ancient wooden ring
  8895 | D:9      | Identified the ring "Qaegrur" {Ice -Tele rElec Stlth+} (You
                  | found it on level 9 of the Dungeon)
  9029 | D:9      | Got a shimmering long sword
  9030 | D:9      | Identified the +2 long sword of Upobb {protect, rF++ rC+
                  | rN+ Dex-4} (You found it on level 9 of the Dungeon)
  9100 | D:9      | Found an opulent altar of Gozag.
  9100 | D:9      | Found a blossoming altar of Fedhas.
  9100 | D:9      | Found a shimmering blue altar of Sif Muna.
  9462 | D:10     | Entered Level 10 of the Dungeon
  9483 | D:10     | Noticed a green ugly thing
  9545 | D:10     | Killed a hornet
  9711 | D:10     | Found a staircase to the Orcish Mines.
  9908 | D:10     | Found a roughly hewn altar of Beogh.
  9918 | D:10     | Learned a level 6 spell: Bolt of Fire
  9921 | D:10     | Learned a level 2 spell: Blink
 10806 | D:11     | Reached XP level 11. HP: 74/74 MP: 5/27
 11380 | D:11     | Found Vaptoira's Magic Scroll Shoppe.
 11392 | D:11     | Bought a scroll of magic mapping for 56 gold pieces
 11392 | D:11     | Bought 3 scrolls of identify for 96 gold pieces
 11392 | D:11     | Bought a scroll of identify for 32 gold pieces
 11392 | D:11     | Bought a scroll of blinking for 120 gold pieces
 11392 | D:11     | Bought a scroll of teleportation for 48 gold pieces
 11421 | D:11     | Noticed Grum
 12035 | D:11     | Killed Grum
 12212 | D:12     | Noticed a two-headed ogre
 12216 | D:12     | Killed a two-headed ogre
 12562 | D:12     | Noticed Fannar
 12572 | D:11     | Reached skill level 10 in Fire Magic
 12895 | D:11     | Killed Fannar
 13519 | D:12     | Noticed an unseen horror
 13520 | D:12     | Killed an unseen horror
 13520 | D:12     | Reached skill level 10 in Conjurations
 13672 | D:12     | Noticed Maurice
 13760 | D:12     | Killed Maurice
 13760 | D:12     | Reached XP level 12. HP: 81/81 MP: 15/30
 14028 | D:12     | Found a runed translucent gate.
 14028 | D:12     | Found a runed translucent gate.
 14028 | D:12     | Found a runed translucent gate.
 14084 | D:12     | Noticed Johnny's ghost (journeyman DgFE)
 14085 | D:12     | Noticed a minotaur
 14126 | D:12     | Found Uphecyce's Weapon Emporium.
 14128 | D:12     | Found Poaxuwoo's Weapon Shoppe.
 14256 | D:12     | Killed a minotaur
 14256 | D:12     | Killed Johnny's ghost
 14479 | D:13     | Found Xawne's General Store.
 14490 | D:13     | Bought a potion of mutation for 120 gold pieces
 14490 | D:13     | Bought a ration for 75 gold pieces
 14671 | D:13     | Found Xesotey's General Store.
 14716 | D:13     | Bought 3 scrolls of magic mapping for 126 gold pieces
 14716 | D:13     | Bought a scroll of identify for 24 gold pieces
 15012 | D:13     | Reached skill level 10 in Spellcasting
 15016 | D:13     | Noticed a centaur warrior
 15031 | D:13     | Killed a centaur warrior
 15188 | D:13     | Noticed a centaur warrior
 15207 | D:13     | Killed a centaur warrior
 15779 | Orc:1    | Entered Level 1 of the Orcish Mines
 15972 | Orc:1    | Noticed Jorgrun
 15986 | Orc:1    | Killed Jorgrun
 16199 | Orc:1    | You fall into a shaft and drop 1 floor!
 16199 | Orc:2    | Entered Level 2 of the Orcish Mines
 16199 | Orc:2    | Found a staircase to the Elven Halls.
 16559 | Orc:2    | Reached XP level 13. HP: 86/86 MP: 26/32
 17153 | Orc:2    | Noticed an orc warlord
 17188 | Orc:2    | Paralysed by an orc sorcerer for 6 turns
 17190 | Orc:2    | HP: 1/86 [ice devil[an orc high priest] (5)]
 17190 | Orc:2    | Slain by an ice devil

Levels and vault maps discovered:
D:1:      dpeg_arrival_rhombi, layout_basic, minmay_misc_feat_tiny
D:2:      layout_basic
D:3:      corexii_shack_village, layout_loops_ring
D:4:      layout_cave_pools, first_ration
D:5:      layout_basic, minmay_temple_entry_fiery
D:6:      minmay_octagon_keep, layout_cave_pods, nicolae_tso_besieged_by_evil,
          kennysheep_little_box
D:7:      layout_loops_corners, uniq_duvessa
D:8:      layout_loops_cross, nicolae_overflow_crystal_walls,
          hangedman_pestilent_swarm
D:9:      layout_long_grid, gammafunk_temple_overflow_forgotten,
          david_lair_shrubbed
D:10:     layout_loops_ring, minmay_orc_entry_temple_small
D:11:     layout_irregular_city, serial_shops, shop, minmay_crystal_room,
          hangedman_corner_corridor, uniq_grum
D:12:     layout_big_octagon, serial_shops, shop, nicolae_shop_stone,
          maelrawn_ghost_gauntlet_escape, uniq_fannar, uniq_maurice
D:13:     layout_loops_corners, serial_shops, shop, shop,
          hangedman_cracks_in_the_wall
Orc:1:    layout_diamond_mine, guppyfry_orc_lava_fort, uniq_jorgrun
Orc:2:    st_orc_congregation, layout_diamond_mine

Skill      XL: |  1  2  3  4  5  6  7  8  9 10 11 12 |
---------------+-------------------------------------+-----
Conjurations   | 1 2 3 4 6 7 8 10 11 | 11.3
Spellcasting   | 2 3 4 5 6 8 9 10 | 10.6
Dodging        | 2 3 4 5 6 7 8 |  8.4
Fire Magic     | 3 4 5 6 7 9 10 11 | 11.6
Stealth        | |  1.7

Action                   |  1- 3 |  4- 6 |  7- 9 | 10-12 | 13-15 || total
-------------------------+-------+-------+-------+-------+-------++-------
Melee: Short sword       |    57 |    61 |   153 |       |       ||   271
       Unarmed           |     3 |       |       |       |       ||     3
       Dagger            |       |       |   109 |     1 |       ||   110
       Long sword        |       |       |       |   261 |     8 ||   269
 Cast: Flame Tongue      |    18 |    73 |   139 |   133 |    12 ||   375
       Sticky Flame      |       |     1 |    23 |    67 |     1 ||    92
       Fireball          |       |       |    10 |   121 |    14 ||   145
       Blink             |       |       |       |    14 |     1 ||    15
       Bolt of Fire      |       |       |       |    13 |     1 ||    14
 Abil: Stop Flying       |       |       |       |     1 |       ||     1
Evoke: Wand              |       |       |    16 |    13 |       ||    29
       Lightning rod     |       |       |       |     4 |       ||     4
  Use: Scroll            |       |     5 |     7 |    10 |     2 ||    24
       Potion            |       |       |     1 |     3 |       ||     4
 Stab: Sleeping          |     5 |     1 |     3 |       |       ||     9
  Eat: Chunk             |     3 |     7 |    14 |    34 |     3 ||    61
       Ration            |       |       |     2 |     7 |       ||     9
Armor: Robe              |     8 |       |       |       |       ||     8
       Leather armour    |     4 |    16 |    86 |   142 |       ||   248
       Skin              |       |       |       |     5 |       ||     5
       Troll leather arm |       |       |       |    57 |     5 ||    62
Dodge: Dodged            |    35 |    62 |   193 |   362 |    22 ||   674
       Rpst.: Long sword |       |       |       |    82 |     7 ||    89
